 Dungeon Sprint DCSS version 0.30-a0-743-gbfdf073431 (webtiles) character file.

Game seed: 9073678517674051746

5563 mhtbhm the Unseen (level 10, -9/76 HPs)
             Began as an Octopode Transmuter on Feb 6, 2023.
             Was the Champion of Wu Jian.
             Mangled by a demonic crawler (10 damage)
             ... in the Dungeon (Sprint I: "Red Sonja").
             The game lasted 00:08:28 (1653 turns).

mhtbhm the Unseen (Octopode Transmuter)             Turns: 1653, Time: 00:08:28

Health: -9/76      AC:  8    Str: 14    XL:     10   Next: 72%
Magic:  0/23       EV: 14    Int: 15    God:    Wu Jian [******]
Gold:   87         SH:  0    Dex: 19    Spells: 18/28 levels left

rFire   x . .      SeeInvis .      - Unarmed
rCold   + + +      Faith    .    (shield currently unavailable)
rNeg    . . .      Spirit   +    (helmet currently unavailable)
rPois   +          Reflect  .    k - amulet of guardian spirit
rElec   .          Harm     .    l - +6 ring of dexterity
rCorr   .          Rampage  .    (no ring)
Will    .....      NoTele   +    (no ring)
Stlth   ++++++                   (no ring)
HPRegen 0.32/turn                (no ring)
MPRegen 0.18/turn                (no ring)
                                 (no ring)
                                 (no ring)

@: ice-form, wereblooded
A: freezing attack, boosted hp, almost no armour, amphibious, 8 rings, large,
(camouflage 1), (gelatinous body 1), (nimble swimmer 1), (tentacles)
a: End Transformation, Renounce Religion, Wall Jump, Serpent's Lash, Heavenly
Storm


You were in the Dungeon.
You worshipped Wu Jian.
Wu Jian was exalted by your worship.
You were a creature of crystalline ice.
You visited 1 branch You collected 1996 gold pieces.
You spent 1909 gold pieces at shops.

Inventory:

Missiles
 c - 3 curare-tipped darts (quivered)
Jewellery
 k - an amulet of guardian spirit (around neck)
 l - a +6 ring of dexterity (left front paw)
Wands
 d - a wand of light (6)
Scrolls
 j - a scroll of blinking
 n - 2 scrolls of silence
 o - a scroll of amnesia
 p - a scroll of poison
 s - a scroll of fog
Potions
 a - 2 potions of berserk rage
 b - 2 potions of mutation
 e - 4 potions of magic
 f - 2 potions of flight
 h - a potion of ambrosia
 i - 2 potions of curing
 m - 2 potions of cancellation
 r - a potion of brilliance
Miscellaneous
 g - a phantom mirror (inert)


   Skills:
 + Level 4.2 Fighting
 + Level 1.0 Throwing
 + Level 7.5 Dodging
 + Level 15.0 Stealth
 + Level 15.0 Unarmed Combat
 + Level 9.8 Spellcasting
 + Level 9.8 Transmutations
 + Level 5.2 Ice Magic
 + Level 2.3 Evocations


You had 18 spell levels left.
You knew the following spells:

 Your Spells              Type           Power      Damage    Failure   Level
a - Beastly Appendage     Tmut           74%        N/A       1%          1
b - Wereblood             Tmut           37%        N/A       1%          2
c - Spider Form           Tmut/Pois      22%        N/A       4%          3
d - Ice Form              Ice/Tmut       30%        N/A       4%          4

Your spell library contained the following spells:

 Spells                   Type           Power      Damage    Failure   Level
 Lesser Beckoning         Tloc           14%        N/A       16%         2
 Gell's Gravitas          Tloc           7%         N/A       30%         3
 Stone Arrow              Conj/Erth      14%        3d7       30%         3
 Teleport Other           Tloc           7%         N/A       30%         3
 Irradiate                Conj/Tmut      11%        3d15      36%         5


Dungeon Overview and Level Annotations

Branches:
Dungeon (1/1)

Altars:
Cheibriados
Dithmenos
Elyvilon
Fedhas
Gozag
Hepliaklqana
Kikubaaqudgha
Makhleb
Nemelex Xobeh
Okawaru
Qazlal
Ru
Sif Muna
Trog
Uskayaw
Vehumet
Wu Jian
Xom
Yredelemnul
Zin
The Shining One
Jiyva
Lugonu

Shops:
D ([*[(***?*?(?(![[


Innate Abilities, Weirdness & Mutations

You are a creature of crystalline ice.
You have a powerful freezing melee attack.
Your maximum health is increased.
Your armour is entirely melded.
You are incapable of wielding weapons or throwing items.
You cannot wear most types of armour.
You are amphibious.
You can wear up to eight rings at the same time.
((Your skin changes colour to match your surroundings (Stealth+).))
((Your rubbery body absorbs attacks. (AC +1, EV +1)))
((You are camouflaged when in or above water. (Stealth+)))
((You have tentacles for arms and can constrict up to eight enemies at once.))


Message History

The demonic crawler gives a hideous shriek!
The demonic crawler hits your demonic crawler! x2
Your demonic crawler dies!
Your demonic crawler's corpse shimmers and vanishes!
The demonic crawler barely misses you. The demonic crawler hits you!
The demonic crawler barely misses you.
You strike the helpless demonic crawler from behind!
You pummel the demonic crawler!! You freeze the demonic crawler!
The demonic crawler is almost dead.
The demonic crawler completely misses you.
The demonic crawler misses you. The demonic crawler hits you!
The demonic crawler completely misses you.
The demonic crawler closely misses you. The demonic crawler hits you!
You are too injured to fight recklessly!
You are too injured to fight recklessly!
You are too injured to fight recklessly!
You are too injured to fight recklessly!
You are too injured to fight recklessly!
You are too injured to fight recklessly!
You are too injured to fight recklessly!
You are too injured to fight recklessly!
You are too injured to fight recklessly!
You are too injured to fight recklessly!
You are too injured to fight recklessly!
You are too injured to fight recklessly!
You are too injured to fight recklessly!
You are too injured to fight recklessly!
You are too injured to fight recklessly!
You are too injured to fight recklessly!
Unknown command.
You hit the demonic crawler. You freeze the demonic crawler.
The demonic crawler is almost dead.
The demonic crawler hits you.
* * * LOW HITPOINT WARNING * * *
The demonic crawler hits you!
* * * LOW HITPOINT WARNING * * *
The demonic crawler hits you!
* * * LOW HITPOINT WARNING * * *
The demonic crawler barely misses you. The demonic crawler hits you!
You die...

##################***************
.#.)'..#__#..')..#,,*,,,,+,,,,,,+
)'..#..'..'..#).s##+#,****,,,,,**
'#####'#__####..Yss.#,*,***,,,***
.#...#.####..#####s.+,*+*,***+*,,
##..##.#~§§§)#..#*+##**,,,*,*,**,
_##'#_.'~§§..'..#,,,,,*,,,***,,**
..'..._#~§§§)#..#,,,,,+,,,,,**,*,
_##_.#'##+#####'###,,,*,,,,,*,,**
_###'#[#[)).###.'.#,,,***++**,**,
####.####'###.###.#,,***,,***,,*+
..'...'.....'(∩##.#,,****,,***,,,


You could see 4 demonic crawlers.

Vanquished Creatures
  2 centaur warriors (D)
  Sonja (D)
  A deep troll (D)
  An oklob plant (D)
  2 unseen horrors (D)
  2 kobold demonologists (D)
  A hornet (D)
  Sigmund (D)
  A slime creature (D)
  A yak (D)
  2 redbacks (D)
  2 floating eyes (D)
  An ogre (D)
  7 necrophages (D)
  8 jellies (D)
  Ijyb (D)
  2 ballistomycete spores (D)
36 creatures vanquished.

Notes
Turn   | Place    | Note
-------+----------+-------------------------------------------
     0 | D        | mhtbhm the Octopode Transmuter began the quest for the Orb.
     0 | D        | Reached XP level 1. HP: 13/13 MP: 3/3
     1 | D        | Noticed Ijyb
     7 | D        | Killed Ijyb
     8 | D        | Reached skill level 5 in Unarmed Combat
     8 | D        | Reached XP level 2. HP: 18/18 MP: 3/6
     8 | D        | Reached XP level 3. HP: 23/23 MP: 3/7
    55 | D        | Learned a level 2 spell: Wereblood
    59 | D        | Learned a level 3 spell: Spider Form
    60 | D        | Noticed an ogre
    68 | D        | Killed an ogre
    69 | D        | Reached XP level 4. HP: 28/28 MP: 7/9
    82 | D        | Learned a level 4 spell: Ice Form
    89 | D        | Noticed Sigmund
    99 | D        | Killed Sigmund
   100 | D        | Reached skill level 5 in Spellcasting
   100 | D        | Reached XP level 5. HP: 13/33 MP: 7/12
   100 | D        | Reached XP level 6. HP: 14/38 MP: 7/13
   341 | D        | Found a burning altar of Makhleb.
   341 | D        | Found a viscous altar of Jiyva.
   341 | D        | Found a shimmering altar of Xom.
   341 | D        | Found a corrupted altar of Lugonu.
   341 | D        | Noticed a slime creature
   346 | D        | Killed a slime creature
   347 | D        | Reached skill level 10 in Unarmed Combat
   347 | D        | Reached skill level 5 in Transmutations
   347 | D        | Reached XP level 7. HP: 17/43 MP: 8/15
   348 | D        | Found an ornate altar of the Wu Jian Council.
   348 | D        | Found a shimmering blue altar of Sif Muna.
   350 | D        | Found a radiant altar of Vehumet.
   357 | D        | Reached skill level 1 in Ice Magic
   358 | D        | Found Julefuw's Antique Armour Emporium.
   358 | D        | Found an ancient bone altar of Kikubaaqudgha.
   358 | D        | Found a hazy altar of Hepliaklqana.
   358 | D        | Found a stormy altar of Qazlal.
   358 | D        | Found a hide-covered altar of Uskayaw.
   358 | D        | Found a blossoming altar of Fedhas.
   358 | D        | Found a bloodstained altar of Trog.
   358 | D        | Found an iron altar of Okawaru.
   358 | D        | Found a basalt altar of Yredelemnul.
   358 | D        | Found a glowing golden altar of the Shining One.
   358 | D        | Found a snail-covered altar of Cheibriados.
   358 | D        | Found a sacrificial altar of Ru.
   358 | D        | Found a glowing silver altar of Zin.
   358 | D        | Found a shadowy altar of Dithmenos.
   358 | D        | Found a white marble altar of Elyvilon.
   358 | D        | Noticed a yak
   359 | D        | Found an opulent altar of Gozag.
   362 | D        | Killed a yak
   363 | D        | Reached skill level 5 in Dodging
   363 | D        | Found a sparkling altar of Nemelex Xobeh.
   508 | D        | Became a worshipper of the Wu Jian Council
   551 | D        | Noticed a kobold demonologist
   552 | D        | Noticed a kobold demonologist
   554 | D        | Noticed a rust devil
   554 | D        | Killed a kobold demonologist
   555 | D        | Reached skill level 10 in Stealth
   555 | D        | Reached XP level 8. HP: 48/48 MP: 10/18
   560 | D        | Killed a kobold demonologist
   560 | D        | Reached * piety under Wu Jian
   610 | D        | Noticed Sonja
   614 | D        | Killed Sonja
   615 | D        | Reached XP level 9. HP: 40/53 MP: 14/21
   692 | D        | Found Rupnuah's Antique Weapon Boutique.
   762 | D        | Noticed a deep troll
   785 | D        | Killed a deep troll
   786 | D        | Reached skill level 1 in Evocations
   934 | D        | Found Xeengupu's Armour Emporium.
  1078 | D        | Noticed a centaur warrior
  1078 | D        | Noticed a centaur warrior
  1089 | D        | Killed a centaur warrior
  1089 | D        | Reached ** piety under Wu Jian
  1093 | D        | Killed a centaur warrior
  1094 | D        | Reached XP level 10. HP: 39/61 MP: 21/23
  1265 | D        | Noticed an oklob plant
  1267 | D        | Killed an oklob plant
  1274 | D        | Reached *** piety under Wu Jian
  1281 | D        | Reached skill level 5 in Ice Magic
  1295 | D        | Killed an unseen horror
  1296 | D        | Reached skill level 1 in Throwing
  1299 | D        | Killed an unseen horror
  1310 | D        | Reached **** piety under Wu Jian
  1404 | D        | Reached ***** piety under Wu Jian
  1425 | D        | Reached skill level 15 in Stealth
  1425 | D        | Reached skill level 15 in Unarmed Combat
  1429 | D        | Reached ****** piety under Wu Jian
  1445 | D        | Found Vodafy's Armour Shoppe.
  1445 | D        | Found Suygoqug's Assorted Antiques.
  1445 | D        | Found Doulles's Antique Weapon Boutique.
  1447 | D        | Found Fioph's Assorted Antiques.
  1447 | D        | Found Pyceet's General Store.
  1447 | D        | Found Jeuc's General Store.
  1447 | D        | Found Hututtic's Magic Scroll Boutique.
  1447 | D        | Found Yrchiwini's Assorted Antiques.
  1447 | D        | Found Xorop's Magic Scroll Shop.
  1447 | D        | Found Jun Ysit's Weapon Shoppe.
  1505 | D        | Found Ylogowyo's Magic Scroll Boutique.
  1506 | D        | Found Zueptiofab's Distillery.
  1506 | D        | Found Lidief's Antique Weapon Boutique.
  1507 | D        | Found Tyse's Armour Emporium.
  1522 | D        | Bought a phantom mirror for 560 gold pieces
  1522 | D        | Bought a wand of light (3) for 176 gold pieces
  1523 | D        | Bought a scroll of blinking for 97 gold pieces
  1536 | D        | Bought a runed citrine amulet for 105 gold pieces
  1539 | D        | Bought Hysoecko's Handbook of Force for 260 gold pieces
  1540 | D        | Bought a potion of flight for 42 gold pieces
  1542 | D        | Bought a scratched tourmaline ring for 130 gold pieces
  1542 | D        | Bought a scroll labelled VOYPAKLEHOG for 26 gold pieces
  1551 | D        | Bought a scroll of identify for 20 gold pieces
  1551 | D        | Bought a scroll of identify for 20 gold pieces
  1551 | D        | Bought a scroll of identify for 20 gold pieces
  1551 | D        | Bought a scroll of identify for 20 gold pieces
  1551 | D        | Bought a scroll of identify for 20 gold pieces
  1561 | D        | Bought a bubbling golden potion for 19 gold pieces
  1561 | D        | Bought a bubbling golden potion for 19 gold pieces
  1561 | D        | Bought a scroll labelled ZOSCHO AF YNUT for 22 gold pieces
  1564 | D        | Bought a scroll labelled MIKADO RITOBB for 21 gold pieces
  1564 | D        | Bought a scroll labelled ZOSCHO AF YNUT for 21 gold pieces
  1564 | D        | Bought a scroll labelled PIUSICS JAKEOMM for 21 gold pieces
  1564 | D        | Bought a scroll labelled NOWOCVOLE for 21 gold pieces
  1564 | D        | Bought a fuming silvery potion for 18 gold pieces
  1564 | D        | Bought a scroll labelled VUFIDIBLIA for 21 gold pieces
  1575 | D        | Bought a scroll of identify for 26 gold pieces
  1580 | D        | Bought a scroll of identify for 22 gold pieces
  1584 | D        | Bought a potion of berserk rage for 70 gold pieces
  1584 | D        | Bought a potion of curing for 42 gold pieces
  1584 | D        | Bought a potion of berserk rage for 70 gold pieces
  1648 | D        | Noticed a demonic crawler
  1648 | D        | Noticed a demonic crawler
  1648 | D        | Noticed a demonic crawler
  1648 | D        | Noticed a demonic crawler
  1653 | D        | HP: 1/76 [demonic crawler (13)]
  1653 | D        | Mangled by a demonic crawler

Illustrated notes

Levels and vault maps discovered:
D:        dungeon_sprint_1 [red_sonja_temple_1, red_sonja_temple_small_1]

Skill      XL: |  1  2  3  4  5  6  7  8  9 10 |
---------------+-------------------------------+-----
Unarmed Combat | 5 7 9 10 11 12 13 15 | 15.0
Spellcasting   | 3 5 6 8 9 |  9.8
Dodging        | 3 4 5 6 7 |  7.5
Stealth        | 3 6 8 10 12 13 15 | 15.0
Transmutations | 3 4 5 6 7 9 |  9.8
Ice Magic      | 1 3 4 5 |  5.2
Evocations     | 1 2 |  2.3
Fighting       | 2 4 |  4.2
Throwing       | 1 |  1.0

Action                     |  1- 3 |  4- 6 |  7- 9 | 10-12 || total
---------------------------+-------+-------+-------+-------++-------
  Melee: Unarmed           |     9 |    10 |    36 |    59 ||   114
         Punch             |     2 |     2 |     2 |     1 ||     7
         Kick              |     1 |     3 |       |       ||     4
         Constrict         |     1 |     1 |       |       ||     2
         Tentacles         |     1 |     1 |       |       ||     2
  Throw: Dart              |       |       |     1 |       ||     1
   Cast: Beastly Appendage |     1 |     1 |       |       ||     2
         Wereblood         |       |     2 |     2 |     3 ||     7
         Ice Form          |       |     1 |     4 |     3 ||     8
Ability: Lunge             |       |       |     2 |     4 ||     6
         Whirlwind         |       |       |     3 |       ||     3
  Evoke: Wand              |     1 |       |     2 |     1 ||     4
         Phantom mirror    |       |       |       |     1 ||     1
    Use: Potion            |     1 |     2 |     3 |       ||     6
         Scroll            |       |       |     1 |    10 ||    11
   Stab: Paralysed         |     5 |       |     1 |       ||     6
         Sleeping          |       |     2 |     3 |     4 ||     9
         Invisible         |       |       |       |     1 ||     1
 Armour: Skin              |       |       |    30 |    19 ||    49
  Dodge: Dodged            |       |       |    16 |    27 ||    43

Table legend: (Time is in decaauts)
 A = Elapsed time spent in this place.
 B = Non-inter-level travel time spent in this place.
 C = Inter-level travel time spent in this place.
 D = Time resting spent in this place.
 E = Time spent auto-exploring this place.
 F = Levels seen in this place.
 G = Mean time per level.
                   A        B        C        D        E       F      G
               +--------+--------+--------+--------+--------+-----+--------+
         Total |   1628 |   1628 |      0 |    812 |      1 |   1 | 1628.0 |
       Dungeon |   1628 |   1628 |      0 |    812 |      1 |   1 | 1628.0 |
               +--------+--------+--------+--------+--------+-----+--------+

Top non-repeatable levels by time:
       D: 1628 daAuts
